 Dungeon Crawl Stone Soup version 0.16.2-12-gd0ad4c3 (webtiles) character file.

223 gibbonfish the Chopper (level 5, -2/50 HPs)
             Began as a Minotaur Berserker on Oct 21, 2015.
             Was a Believer of Trog.
             Slain by a gnoll
             ... wielding a +0 spear
              (6 damage)
             ... on level 3 of the Dungeon.
             The game lasted 00:10:03 (1888 turns).

gibbonfish the Chopper (Minotaur Berserker)         Turns: 1888, Time: 00:10:03

Health: -2/50      AC:  4    Str: 21    XL:     5   Next: 66%
Magic:  2/2        EV: 12    Int:  4    God:    Trog [**....]
Gold:   121        SH:  0    Dex: 11    Spells: 0 memorised, 4 levels left

rFire  . . .     SeeInvis .     a - +0 hand axe
rCold  . . .     Clarity  .     o - +0 leather armour
rNeg   . . .     SustAb   .     (no shield)
rPois  .         Gourm    .     (helmet restricted)
rElec  .         Spirit   .     (no cloak)
rCorr  .         Warding  .     (no gloves)
rMut   .         Stasis   .     v - +0 pair of boots (curse)
MR     .....                    (no amulet)
Stlth  +.........               (no ring)
                                (no ring)

@: not resistant to hostile enchantments, very unstealthy
A: retaliatory headbutt, horns 2, talons 1
a: Burn Spellbooks, Berserk, Trog's Hand, Renounce Religion


You were on level 3 of the Dungeon.
You worshipped Trog.
Trog was pleased with you.
You were hungry.

You visited 1 branch of the dungeon, and saw 3 of its levels.

You collected 121 gold pieces.

Inventory:

Hand weapons
 a - a +0 hand axe (weapon)
 f - a +0 mace
 A - a cursed -1 dagger
Missiles
 m - 54 stones (quivered)
 B - 3 silver tomahawks
Armour
 b - a +0 animal skin
 e - a +0 robe
 o - a +0 leather armour (worn)
 q - a +0 robe
 v - a cursed +0 pair of boots (worn)
 w - a +0 leather armour
Magical devices
 z - a wand of magic darts (32)
Scrolls
 g - 3 scrolls of blinking {unknown}
 h - a scroll of enchant weapon {unknown}
 k - 2 scrolls of remove curse {unknown}
 r - a scroll of immolation {unknown}
 t - a scroll of random uselessness {unknown}
 y - a scroll of recharging {unknown}
Potions
 d - a potion of brilliance {unknown}
 l - a potion of curing {unknown}
 n - a potion of heal wounds {unknown}
 p - a potion of agility {unknown}
 s - 2 potions of might {unknown}
Comestibles
 c - 3 bread rations
 i - 2 beef jerkies
 j - 3 fruits
 u - a meat ration


   Skills:
 + Level 5.9 Fighting
 + Level 6.1 Axes
 - Level 2.4 Armour
 - Level 2.1 Dodging


You had 4 spell levels left.
You didn't know any spells.

Dungeon Overview and Level Annotations

Branches:
Dungeon (3/15)

Altars:
Gozag
Qazlal
Yredelemnul


Innate Abilities, Weirdness & Mutations

You reflexively headbutt those who attack you in melee.
You have a pair of horns on your head.
You have sharp toenails.


Message History

You see here a throwing net.
You see here a whip.
You barely miss the gnoll. The gnoll barely misses you.
You furiously retaliate!
You headbutt the gnoll. You hit the gnoll.
The gnoll is moderately wounded.
The gnoll hits you.
* * * LOW HITPOINT WARNING * * *
The gnoll hits you from afar with a spear.
* * * LOW HITPOINT WARNING * * *
You hit the gnoll.
The gnoll is moderately wounded.
The gnoll barely misses you. You furiously retaliate!
You headbutt the gnoll.
The gnoll hits you from afar with a spear.
* * * LOW HITPOINT WARNING * * *
You slash the gnoll!
You kill the gnoll!
Trog accepts your kill.
The gnoll hits you from afar with a spear.
You die...

##'## #.##.##.# #
#.# .....##.#####
#.# #.#####...>..
##.## . #######
#####...## #
#.........# #
.####...## #
.#####..#########.#
#
.........(gg.@.....#
.#####..###########
#..# #..# g..# .....
..gg.. ..... #### .
#...


You could see 2 gnolls.

Vanquished Creatures
  A sky beast (D:3)
  Terence (D:2)
  6 adders (D:2)
  2 gnolls (D:3)
  6 orcs (D:3)
  5 bats
  2 giant cockroaches
  4 goblins
  3 hobgoblins
  6 jackals
  3 giant newts
  3 kobolds
  4 rats
  A spectral orc (D:3)
47 creatures vanquished.

Notes
Turn   | Place    | Note
--------------------------------------------------------------
     0 | D:1      | gibbonfish, the Minotaur Berserker, began the quest for the Orb.
     0 | D:1      | Reached XP level 1. HP: 19/19 MP: 1/1
   231 | D:1      | Reached skill level 4 in Axes
   231 | D:1      | Reached XP level 2. HP: 25/27 MP: 1/1
   815 | D:2      | Acquired Trog's second power
   870 | D:2      | Reached XP level 3. HP: 24/34 MP: 2/2
  1070 | D:2      | Noticed Terence
  1081 | D:2      | Killed Terence
  1117 | D:2      | Found an opulent altar of Gozag.
  1118 | D:2      | Found a stormy altar of Qazlal.
  1266 | D:2      | Reached skill level 5 in Axes
  1266 | D:2      | Reached XP level 4. HP: 32/41 MP: 2/2
  1302 | D:2      | Reached skill level 5 in Fighting
  1635 | D:3      | Found a basalt altar of Yredelemnul.
  1749 | D:3      | Noticed a sky beast
  1762 | D:3      | Killed a sky beast
  1762 | D:3      | Reached skill level 6 in Axes
  1762 | D:3      | Reached XP level 5. HP: 13/50 MP: 2/2
  1766 | D:3      | Gained mutation: Your muscles are strong. (Str +2) [mutagenic meat]
  1768 | D:3      | Lost mutation: Your muscles are strong. (Str +2) [mutagenic meat]
  1769 | D:3      | Gained mutation: You have sharp toenails. [mutagenic meat]
  1888 | D:3      | Slain by a gnoll

Action                   |  1- 3 |  4- 6 || total
-------------------------+-------+-------++-------
Melee: Hand axe          |    55 |    60 ||   115
  Eat: Chunk             |       |     4 ||     4
       Pizza             |       |     1 ||     1
